 Dungeon Crawl Stone Soup version 0.27.1-1-g398f81649c (webtiles) character file.

Game seed: 14792320155181827734

95 ZARRMARR the Conjurer (level 4, 0/42 HPs)
             Began as an Octopode Conjurer on Sept 13, 2021.
             Frozen to death by an endoplasm (1 damage)
             ... on level 4 of the Dungeon.
             The game lasted 00:07:46 (3397 turns).

ZARRMARR the Conjurer (Octopode Conjurer)           Turns: 3397, Time: 00:07:47

Health: 0/42       AC: 22    Str:  6    XL:     4   Next: 66%
Magic:  7/7        EV:  2    Int: 21    God:
Gold:   116        SH:  0    Dex: 10    Spells: 6/7 levels left

rFire    . . .     SeeInvis .   b - +0 short sword
rCold    . . .     Faith    .   (no shield)
rNeg     + + +     Spirit   .   (helmet currently unavailable)
rPois    +         Reflect  .   (no amulet)
rElec    .         Harm     .   (no ring)
rCorr    .         Rampage  .   (no ring)
Will     .....     NoTele   +   (no ring)
Stlth    ++........             (no ring)
HPRegen  0.14/turn              (no ring)
MPRegen  0.10/turn              (no ring)
                                (no ring)
                                (no ring)

@: lethally poisoned (0 -> -7), tree-form
A: stationary, stasis, torment immunity, boosted hp, almost no armour,
(amphibious), 8 rings, (camouflage 1), (gelatinous body 1), (nimble swimmer 1),
(tentacles)
a: no special abilities


You were on level 4 of the Dungeon.
You were a tree.
You visited 1 branch of the dungeon, and saw 4 of its levels.

You collected 116 gold pieces.

Inventory:

Hand Weapons
 b - a +0 short sword (weapon)
Scrolls
 a - 3 scrolls of blinking
 d - 2 scrolls of enchant armour
 f - a scroll of magic mapping
 g - a scroll of teleportation
 h - 2 scrolls of enchant weapon
Potions
 i - a potion of ambrosia {unknown}


   Skills:
 + Level 1.6 Fighting
 * Level 2.3 Short Blades
 + Level 2.7 Dodging
 + Level 3.8 Stealth
 - Level 2.0 Spellcasting
 - Level 4.0 Conjurations


You had 6 spell levels left.
You knew the following spells:

 Your Spells              Type           Power      Damage    Failure   Level
a - Magic Dart            Conj           72%        1d6       2%          1

Your spell library contained the following spells:

 Spells                   Type           Power      Damage    Failure   Level
 Searing Ray              Conj           36%        3d4       4%          2
 Conjure Flame            Conj/Fire      10%        6-21      19%         3
 Dazzling Flash           Conj/Hex       20%        N/A       19%         3
 Ignite Poison            Fire/Tmut/Pois 2%         N/A       41%         3
 Fulminant Prism          Conj/Hex       5%         3d7       54%         4
 Iskenderun's Mystic Bla  Conj/Tloc      10%        2d4       54%         4
 Sticky Flame             Conj/Fire      10%        2d3       54%         4


Dungeon Overview and Level Annotations

Branches:
Dungeon (4/15)
 Temple: D:4-7

Altars:
Vehumet

Annotations:
D:2 exclusion: downstairs
D:3 Grinder, Natasha


Innate Abilities, Weirdness & Mutations

You are a tree.
Your roots penetrate the ground, keeping you stationary.
You cannot be teleported.
You are immune to unholy pain and torment.
Your maximum health is greatly increased.
You cannot wear most types of armour.
((You are amphibious.))
You can wear up to eight rings at the same time.
((Your skin changes colour to match your surroundings (Stealth+).))
((Your rubbery body absorbs attacks. (AC +1, EV +1)))
((You are camouflaged near water. (Stealth+)))
((You have tentacles for arms and can constrict up to eight enemies at once.))


Message History

The ufetubus hits you.
* * * LOW HITPOINT WARNING * * *
The adder bites you.
* * * LOW HITPOINT WARNING * * *
It was a potion of lignification.
You turn into a tree.
Your roots penetrate the ground.
You lose your grip on the adder.
You lose your grip on the ufetubus.
The ufetubus hits you but does no damage. x2
The adder bites you but does no damage.
You miss the adder.
The adder is heavily wounded.
The ufetubus hits you but does no damage. x2
The adder bites you but does no damage.
The ufetubus hits you but does no damage. x2
You cannot move.
You hit the adder.
The adder is heavily wounded.
The adder bites you but does no damage. The ufetubus barely misses you.
The ufetubus hits you but does no damage.
The endoplasm hits you but does no damage.
You hit the adder.
The adder is severely wounded.
The adder bites you but does no damage. The ufetubus barely misses you.
The ufetubus hits you but does no damage.
The adder bites you but does no damage. The endoplasm freezes you.
You are frozen.
* * * LOW HITPOINT WARNING * * *
The ufetubus barely misses you.
The ufetubus hits you but does no damage.
You closely miss the adder.
The adder is severely wounded.
The ufetubus hits you but does no damage. x2
The adder bites you.
* * * LOW HITPOINT WARNING * * *
You are lethally poisoned!
The adder poisons you! The endoplasm freezes you.
You are frozen.
You die...

#. ..# #.. #.# #.# #.#
#.# #.# #.# #.# #
#.#####.# #.#.#♣..#(#
#####.#.S5J.#.#########
.......>......^.......#
#####.#.#####.#######.#
#.....#.........#.#
###.#.#.#.......#.#
#.#.#.#########.#
#...#...........#
#...#############


You could see an adder, an ufetubus and an endoplasm.

Vanquished Creatures
  Robin (D:3)
  2 adders
  An adder skeleton (D:4)
  A worm (D:2)
  An orc (D:3)
  5 bats
  6 endoplasms
  A giant cockroach (D:3)
  9 hobgoblins
  2 jackals (D:1)
  A quokka (D:2)
  5 ball pythons
  2 frilled lizards
  11 goblins
  3 kobolds
  4 rats
55 creatures vanquished.

Vanquished Creatures (others)
  10 fungi (D:2)
  2 plants (D:2)
12 creatures vanquished.

Grand Total: 67 creatures vanquished

Notes
Turn   | Place    | Note
-------+----------+-------------------------------------------
     0 | D:1      | ZARRMARR the Octopode Conjurer began the quest for the Orb.
     0 | D:1      | Reached XP level 1. HP: 11/11 MP: 3/3
   296 | D:1      | Reached XP level 2. HP: 18/18 MP: 5/5
   444 | D:1      | Reached skill level 1 in Short Blades
  1237 | D:2      | Reached XP level 3. HP: 22/22 MP: 1/6
  1321 | D:2      | Reached skill level 1 in Fighting
  1571 | D:2      | Found a faded altar of an unknown god.
  2552 | D:3      | Noticed Natasha
  2635 | D:3      | Noticed Robin
  2711 | D:3      | Reached XP level 4. HP: 28/28 MP: 4/7
  2855 | D:3      | Killed Robin
  3032 | D:3      | Found a radiant altar of Vehumet.
  3046 | D:3      | Noticed Grinder
  3397 | D:4      | HP: 1/42 [adder (3)]
  3397 | D:4      | Frozen to death by an endoplasm

Illustrated notes

Levels and vault maps discovered:
D:1:      dpeg_arrival_lava_temple_mockup, layout_loops_cross,
          minmay_misc_feat_chi, solitary_fountain
D:2:      minmay_door_path, layout_loops_ring,
          shapermc_ecumenical_altar_hornbeckon, minmay_pentomino_r4
D:3:      layout_basic, mainiacjoe_overflow_boulevard, uniq_robin, uniq_natasha,
          uniq_grinder
D:4:      layout_basic, minmay_checkerbox

Skill      XL: |  1  2  3 |
---------------+----------+-----
Stealth        | 3 |  3.8
Short Blades   | 1 2 |  2.3
Fighting       | 1 |  1.6
Dodging        | |  2.7
Spellcasting   | |  2.0
Conjurations   | |  4.0

Action                   |  1- 3 |  4- 6 || total
-------------------------+-------+-------++-------
Melee: Unarmed           |     5 |       ||     5
       Tentacles         |     7 |     1 ||     8
       Short sword       |    42 |    20 ||    62
       Constrict         |     8 |     4 ||    12
 Cast: Magic Dart        |    51 |    20 ||    71
  Use: Scroll            |     4 |     1 ||     5
       Potion            |     1 |     1 ||     2
 Stab: Sleeping          |     9 |     1 ||    10
Armor: Skin              |     4 |    20 ||    24
Dodge: Dodged            |    17 |    15 ||    32
